Map: Galactic Process LE

Players

Iodous

  • Race: Zerg Zerg
  • League: Gold

Tenonee - Winner!

  • Race: Terran Terran

VOD

Have the link to the VOD?

Description

Time

  • Played on: July 16, 2016, 9:39 a.m.
  • Length: 8:50
Show
View Real Time Build Order
Export as new Build Order

Iodous Zerg 

Build Orders: Hatch First 

Get SALT Encoding   

  12  0:01  Drone  
  13  0:15  Overlord  
  13  0:19  Drone  
  14  0:36  Drone x2  
  14  0:37  Drone  
  17  0:55  Hatchery, Drone  
  17  1:00  Drone  
  19  1:11  Drone  
  19  1:18  Extractor  
  18  1:20  Spawning Pool  
  18  1:21  Drone  
  18  1:32  Drone  
  19  1:42  Overlord  
  19  1:57  Drone  
  20  2:06  Drone  
  20  2:07  Queen  
  20  2:08  Queen  
  25  2:09  Drone  
  26  2:17  Drone  
  26  2:19  Drone  
  26  2:22  Metabolic Boost  
  28  2:40  Zergling x8  
  31  2:55  Drone x2  
  31  2:58  Drone  
  34  3:11  Queen  
  36  3:13  Overlord x2  
  36  3:14  Overlord  
  36  3:17  Extractor  
  35  3:23  Drone  
  36  3:28  Overlord x4  
  36  3:29  Overlord  
  36  3:44  Drone x4  
  36  4:15  Extractor  
  35  4:18  Roach Warren  
  35  4:21  Evolution Chamber  
  35  4:22  Evolution Chamber  
  32  4:25  Spine Crawler  
  31  4:35  Drone x7  
  31  4:36  Drone  
  39  4:42  Spine Crawler  
  38  4:47  Drone  
  38  4:48  Drone x5  
  44  5:02  Zerg Ground Armor Level 1  
  41  5:30  Zergling x4  
  41  5:31  Zergling x18  
  52  5:36  Hatchery  
  52  5:37  Lair  
  51  5:49  Extractor  
  50  5:51  Zergling x2  
  50  5:52  Zergling x8  
  54  6:06  Drone x3  
  54  6:07  Zerg Melee Weapons Level 1, Drone x3  
  60  6:23  Hatchery  
  49  6:42  Drone x6  
  49  6:43  Drone x2  
  52  6:59  Spire  
  52  7:00  Baneling Nest  
  50  7:14  Extractor  
  49  7:15  Drone  
  49  7:16  Drone x12  
  49  7:18  Extractor  
  61  7:27  Drone x4  
  61  7:28  Extractor x2  
  63  7:49  Overlord  
  63  7:50  Overlord x8  
  55  8:13  Corruptor  
  55  8:14  Corruptor  
  59  8:21  Spore Crawler  
  59  8:23  Spore Crawler  
  59  8:25  Drone x2  
  59  8:26  Drone  
Show
View Real Time Build Order
Export as new Build Order

Tenonee Terran - Winner!

Build Orders: Reaper Expand, MMM Bio 

Get SALT Encoding   

  12  0:01  SCV  
  13  0:13  SCV  
  14  0:18  Supply Depot  
  14  0:25  SCV  
  15  0:39  SCV  
  15  0:41  Barracks  
  16  0:46  Refinery  
  16  0:52  SCV  
  17  1:04  SCV  
  18  1:16  SCV  
  19  1:29  Orbital Command  
  19  1:30  Reaper  
  20  1:33  Supply Depot  
  20  1:54  Command Center  
  20  1:57  SCV  
  21  2:05  Marine  
  22  2:11  SCV  
  22  2:12  Factory  
  23  2:23  SCV  
  23  2:24  Marine  
  25  2:35  SCV  
  26  2:42  Marine  
  27  2:53  Barracks  
  27  2:55  Barracks, SCV  
  27  2:58  Factory Reactor  
  28  3:06  Marine  
  29  3:19  SCV  
  30  3:21  Orbital Command  
  30  3:36  Hellion x2  
  30  3:40  SCV  
  35  3:42  Barracks Tech Lab  
  35  3:46  Barracks Reactor x2  
  33  4:00  Hellion x2  
  33  4:02  Stimpack  
  34  4:08  SCV, Refinery  
  34  4:09  Marine, SCV  
  37  4:21  SCV x2  
  39  4:27  Supply Depot  
  39  4:28  Supply Depot  
  39  4:33  SCV x2  
  41  4:41  Engineering Bay  
  41  4:43  Engineering Bay  
  41  4:44  Marine x2  
  41  4:45  SCV x2  
  45  4:57  SCV x2  
  47  5:09  SCV  
  47  5:11  SCV  
  47  5:12  Marine x3  
  47  5:13  Marine x2  
  52  5:21  SCV  
  52  5:23  Starport, SCV  
  52  5:24  Terran Infantry Armor Level 1, Terran Infantry Weapons Level 1  
  52  5:25  Factory Tech Lab  
  54  5:29  Refinery  
  54  5:30  Marine x3  
  54  5:33  SCV  
  54  5:34  Marine x2  
  60  5:35  SCV  
  61  5:45  SCV  
  62  5:57  Marine, SCV  
  62  6:00  Marine, SCV  
  62  6:02  Marine  
  62  6:03  Supply Depot, Marine  
  62  6:06  Supply Depot  
  62  6:13  Combat Shields  
  62  6:19  Supply Depot  
  62  6:24  Marine x2  
  62  6:25  Medivac, Siege Tank, Marine x2  
  66  6:26  Marine  
  65  6:39  Supply Depot  
  60  6:42  Marine x2  
  60  6:43  Marine x3  
  60  6:44  Liberator  
  59  6:49  SCV  
  59  6:50  SCV  
  59  7:00  Supply Depot, Marine x2  
  59  7:01  Marine x3, Siege Tank, Medivac  
  64  7:02  SCV x2  
  64  7:07  Supply Depot  
  74  7:14  SCV x2  
  76  7:18  Marine x2  
  76  7:19  Supply Depot  
  76  7:21  Armory  
  76  7:22  Marine x3  
  81  7:26  SCV x2  
  83  7:36  Marine x2  
  85  7:51  Marine x2  
  85  7:52  Marine  
  85  7:53  Marine x2, Siege Tank  
  85  7:54  Medivac  
  95  8:09  Marine x3  
  95  8:11  Marine  
  95  8:12  Marine  
  100  8:22  Barracks  
  100  8:23  Barracks  
  100  8:24  Barracks  
  100  8:27  Marine x2, Refinery  
  100  8:32  Command Center  
  102  8:45  Supply Depot  
  102  8:46  Supply Depot  
Tags
 
Add a new tag
Caveats
  • Supply blocks, unpowered buildings, or Contaminate may cause inaccurate times.
  • Supply counts are checked every 10 seconds.